 Dungeon Crawl Stone Soup version 0.30-a0-862-g1aabd4f9c5 (webtiles) character file.

Game seed: 11288752544545275050

9 Esekla the Sneak (level 2, 21/21 HPs)
             Began as an Octopode Delver on Mar 9, 2023.
             Quit the game on level 5 of the Dungeon.
             The game lasted 00:00:54 (97 turns).

Esekla the Sneak (Octopode Delver)                    Turns: 97, Time: 00:00:56

Health: 21/21      AC:  1    Str: 11    XL:     2   Next: 12%
Magic:  2/2        EV: 13    Int: 12    God:
Gold:   0          SH:  0    Dex: 13    Spells: 1/1 levels left

rFire   . . .      SeeInvis .    a - +0 falchion
rCold   . . .      Faith    .    (no shield)
rNeg    . . .      Spirit   .    (helmet restricted)
rPois   .          Reflect  .    (no amulet)
rElec   .          Rampage  .    (no ring)
rCorr   .                        (no ring)
Will    .....                    (no ring)
Stlth   ++++                     (no ring)
HPRegen 0.23/turn                (no ring)
MPRegen 0.08/turn                (no ring)
                                 (no ring)
                                 (no ring)

@: no status effects
A: almost no armour, amphibious, 8 rings, camouflage 1, gelatinous body 1,
(nimble swimmer 1), tentacles
a: no special abilities


You were on level 5 of the Dungeon.
You visited 1 branch of the dungeon, and saw 1 of its levels.

Inventory:

Hand Weapons
 a - a +0 falchion (weapon)
Wands
 f - a wand of digging (3)
Scrolls
 b - a scroll of fog
 d - a scroll of fear
 g - a scroll of identify {unknown}
Potions
 e - a potion of haste


   Skills:
 * Level 3.1 Fighting
 * Level 2.1 Long Blades
 * Level 2.0 Dodging
 + Level 6.9 Stealth
 * Level 0.2 Spellcasting


You had one spell level left.
You didn't know any spells.
Your spell library was empty.

Dungeon Overview and Level Annotations

Branches:
Dungeon (5/15)
 Temple: D:4-7

Altars:
Kikubaaqudgha


Innate Abilities, Weirdness & Mutations

You cannot wear most types of armour.
You are amphibious.
You can wear up to eight rings at the same time.
Your skin changes colour to match your surroundings (Stealth+).
Your rubbery body absorbs attacks. (AC +1, EV +1)
((You are camouflaged when in or above water. (Stealth+)))
You have tentacles for arms and can constrict up to eight enemies at once.


Message History

An adder comes into view.
A quokka comes into view.
You see here a scroll labelled LOZAUSTRID.
g - a scroll labelled LOZAUSTRID
As you read the scroll of magic mapping, it crumbles to dust.
You feel aware of your surroundings.
You sensed 1 altar.
The adder hisses angrily.
You miss the adder. Your grab misses the adder.
Your tentacle-slap misses the adder.
The adder misses you. The adder bites you.
You completely miss the adder. Your grab misses the adder.
You squeeze the adder!
The adder is almost dead.
The adder closely misses you.
You hit the adder but do no damage. Your grab misses the adder.
Your squeeze misses the adder.
The adder is almost dead.
The adder bites you. x2
You hit the adder.
You kill the adder!
You have reached level 2!
Unknown command.
You start resting.
HP restored.
You open the door.
Found an ichor-stained ring mail.
There is an open door here.
Found a glass wand.
You see here the +3 ring mail of Makhleb's Respect {Will++ rCorr}.
You open the door.
A bullfrog zombie comes into view.
Which direction?
You close the door.
c - a wand of charming (10) Autopickup disabled for wands of charming.
You drop a wand of charming (10).
You open the door.
A human zombie comes into view.
Found an ancient bone altar of Kikubaaqudgha.
You close the door.
Are you sure you want to abandon this character and quit the game? (Confirm with "yes".)

************,,********.#.,,,*
*,,,,,,,,,,,,**#..,,,,*
*,,,,,,,,,,,,##..****,*
*****,,,,,,,,,,,,#..***,,,*
*,,,,,,,,,,,,,,,,#.####+###**
*,,,,,******,,**##.#.......,,
*,,,,,* **###**#..#.......,,
******* *,+/+,*#.##.......,,
**#@#*##.#*.......,,
*,+.+Z#.>#*.......,,
**#.####.##.......,,
*,+.+,*#...[......,,
**#.#**###.#######** *,+.+,*
#.#*,,,,* * **#.#** #.#*,#*,*
* *,+.+,* #.##.#*,* * **#.###
#....#*,*


There were no monsters in sight!

Vanquished Creatures
  An adder (D:5)
1 creature vanquished.

Notes
Turn   | Place    | Note
-------+----------+-------------------------------------------
     0 | D:5      | Esekla the Octopode Delver began the quest for the Orb.
     0 | D:5      | Reached XP level 1. HP: 16/16 MP: 1/1
    35 | D:5      | Reached XP level 2. HP: 11/21 MP: 2/2
    78 | D:5      | Identified the +3 ring mail of Makhleb's Respect {Will++
                  | rCorr}
    95 | D:5      | Found an ancient bone altar of Kikubaaqudgha.
    97 | D:5      | Quit the game

Illustrated notes

Levels and vault maps discovered:
D:5:      layout_basic, lemuel_mausoleum_altar_kikubaaqudgha, uniq_edmund

Action                     || total
---------------------------++-------
  Melee: Falchion          ||     4
         Tentacles         ||     1
    Use: Scroll            ||     1
  Dodge: Dodged            ||     2

Table legend: (Time is in decaauts)
 A = Elapsed time spent in this place.
 B = Non-inter-level travel time spent in this place.
 C = Inter-level travel time spent in this place.
 D = Time resting spent in this place.
 E = Time spent auto-exploring this place.
 F = Levels seen in this place.
 G = Mean time per level.
                   A        B        C        D        E       F      G
               +--------+--------+--------+--------+--------+-----+--------+
         Total |     97 |     97 |      0 |     41 |      0 |   1 |   97.0 |
       Dungeon |     97 |     97 |      0 |     41 |      0 |   1 |   97.0 |
               +--------+--------+--------+--------+--------+-----+--------+

Top non-repeatable levels by time:
     D:5: 97 daAuts
